 Dungeon Crawl Stone Soup version 0.29-a0-330-g52719c12eb (webtiles) character file.

Game seed: 2780510829169828968

1554 Crownlay the Chiller (level 8, -7/59 HPs)
             Began as a Gnoll Ice Elementalist on May 5, 2022.
             Mangled by a sun demon (23 damage)
             ... summoned by a kobold demonologist
             ... on level 7 of the Dungeon on May 6, 2022.
             The game lasted 00:06:21 (2938 turns).

Crownlay the Chiller (Gnoll Ice Elementalist)       Turns: 2938, Time: 00:06:22

Health: -7/59      AC: 14    Str:  9    XL:     8   Next: 88%
Magic:  10/17      EV: 14    Int: 22    God:
Gold:   167        SH:  0    Dex: 14    Spells: 8/19 levels left

rFire   . . .      SeeInvis .   w - +7 staff of the Meek {protect, meekguard}
rCold   x . .      Faith    .   (shield currently unavailable)
rNeg    + . .      Spirit   .   a - +0 robe
rPois   +          Reflect  .   (no helmet)
rElec   .          Harm     .   l - +0 cloak
rCorr   .          Rampage  .   r - +2 pair of gloves of Komumozo {rPois rC- rN+ Str+2 Stlth+}
Will    .....                   (no boots)
Stlth   ++++......              c - amulet of regeneration
HPRegen 0.99/turn               g - +6 ring of intelligence
MPRegen 0.15/turn               (no ring)

@: lethally poisoned (-7 -> -7), ice-armoured (expiring), freezing walls
A: fangs 1, strong nose, distributed training
a: no special abilities


You were on level 7 of the Dungeon.
You visited 1 branch of the dungeon, and saw 5 of its levels.

You collected 167 gold pieces.

Inventory:

Hand Weapons
 s - the +6 dagger of Chance {distort, rC++}
   (You found it on level 3 of the Dungeon)

   It warps and distorts space around it, and may blink, banish, or inflict
   extra damage upon those it strikes.
   Unwielding it can cause banishment or high damage.
   rC:        It greatly protects you from cold.
 w - the +7 staff of the Meek (weapon) {protect, meekguard}
   (You found it on level 3 of the Dungeon)

   It grants its wielder temporary protection when it strikes (+7 to AC).
   It provides extra protection to wielders with little health.
Missiles
 t - a throwing net
Armour
 a - a +0 robe (worn)
 l - a +0 cloak (worn)
 r - the +2 pair of gloves of Komumozo (worn) {rPois rC- rN+ Str+2 Stlth+}
   (You found it on level 3 of the Dungeon)

   Str:       It affects your strength (+2).
   rC:        It makes you vulnerable to cold.
   rPois:     It protects you from poison.
   rN:        It protects you from negative energy.
   Stlth:     It makes you more stealthy.
Jewellery
 c - an amulet of regeneration (around neck)
 g - a +6 ring of intelligence (left hand)
 p - a ring of protection from fire
Wands
 u - a wand of polymorph (6)
Scrolls
 d - a scroll of vulnerability {unknown}
 h - a scroll of teleportation {unknown}
 k - a scroll of torment {unknown}
 n - a scroll of enchant weapon {unknown}
 o - a scroll of magic mapping {unknown}
 v - a scroll of identify {unknown}
Potions
 b - a potion of magic
 e - a potion of curing {unknown}
 f - a potion of lignification {unknown}
 i - a potion of degeneration {unknown}
 j - 2 potions of attraction {unknown}
 m - a potion of berserk rage {unknown}
 q - 2 potions of heal wounds {unknown}


   Skills:
 + Level 3.6 Fighting
 + Level 3.6 Short Blades
 + Level 3.6 Long Blades
 + Level 3.6 Axes
 + Level 3.6 Maces & Flails
 + Level 3.6 Polearms
 + Level 3.6 Staves
 + Level 3.6 Slings
 + Level 3.6 Bows
 + Level 3.6 Crossbows
 + Level 3.6 Throwing
 + Level 3.6 Armour
 + Level 5.9 Dodging
 + Level 5.6 Stealth
 + Level 3.6 Shields
 + Level 3.6 Unarmed Combat
 + Level 6.2 Spellcasting
 + Level 3.0 Conjurations
 + Level 3.0 Hexes
 + Level 3.0 Summonings
 + Level 3.0 Necromancy
 + Level 3.0 Translocations
 + Level 3.0 Transmutations
 + Level 3.0 Fire Magic
 + Level 7.8 Ice Magic
 + Level 3.0 Air Magic
 + Level 3.0 Earth Magic
 + Level 3.0 Poison Magic
 + Level 4.0 Invocations
 + Level 3.6 Evocations


You had 8 spell levels left.
You knew the following spells:

 Your Spells              Type           Power      Damage    Failure   Level
a - Freeze                Ice            100%       1d11      1%          1
b - Frozen Ramparts       Ice            82%        1d10      1%          3
c - Ozocubu's Armour      Ice            41%        N/A       1%          3
d - Hailstorm             Conj/Ice       30%        3d8       10%         4

Your spell library contained the following spells:

 Spells                   Type           Power      Damage    Failure   Level
 Animate Skeleton         Necr           40%        N/A       2%          1
 Apportation              Tloc           40%        N/A       2%          1
 Sting                    Tmut/Pois      80%        1d7       2%          1
 Summon Small Mammal      Summ           80%        N/A       2%          1
 Call Imp                 Summ           20%        N/A       3%          2
 Call Canine Familiar     Summ           20%        N/A       8%          3
 Ignite Poison            Fire/Tmut/Pois 20%        N/A       8%          3
 Summon Guardian Golem    Hex/Summ       20%        N/A       8%          3
 Yara's Violent Unravell  Hex/Tmut       10%        3d6       56%         5
 Simulacrum               Ice/Necr       15%        N/A       83%         6
 Iron Shot                Conj/Erth      10%        9d3       98%         6
 Statue Form              Tmut/Erth      13%        N/A       98%         6
 Summon Cactus Giant      Summ           10%        N/A       98%         6


Dungeon Overview and Level Annotations

Branches:
Dungeon (4/15)
 Temple: D:4-7

Altars:
Xom
Beogh

Shops:
D:1 *

Annotations:
D:3 2 transporters


Innate Abilities, Weirdness & Mutations

You have very sharp teeth.
Your uncanny sense of smell can sniff out nearby items.
Your experience applies equally to all skills.


Message History

You sock the kobold brigand!
Your weapon exudes an aura of protection.
The kobold brigand is almost dead.
The frozen ramparts melt away.
You feel sick.
A kobold brigand comes into view.
It is wielding a +0 dagger and quivering poisoned darts.
The kobold brigand hits you but does no damage.
A kobold demonologist comes into view. It is wielding a +0 dagger.
Casting: Frozen Ramparts (safe; 1% risk of failure)
Confirm with . or Enter, or press ? or * to list all spells.
Casting: Frozen Ramparts (safe; 1% risk of failure)
Press: ? - help, Dir - look around, f - activate The walls around you are covered in ice.
The kobold brigand shouts!
You feel sick.
The wall freezes the kobold brigand!
You kill the kobold brigand!
The kobold demonologist gestures wildly while chanting.
Your Conjurations skill increases to level 3!
Your Hexes skill increases to level 3!
Your Summonings skill increases to level 3!
Your Necromancy skill increases to level 3!
Your Translocations skill increases to level 3!
Your Transmutations skill increases to level 3!
Your Fire Magic skill increases to level 3!
Your Air Magic skill increases to level 3!
Your Earth Magic skill increases to level 3!
Your Poison Magic skill increases to level 3!
Your Invocations skill increases to level 4!
You feel sick.
The sun demon is frozen!
The wall freezes the sun demon!
An ogre comes into view. It is wielding a +0 giant club.
You closely miss the sun demon.
You bite the sun demon, but do no damage.
The sun demon is lightly wounded.
You feel sick.
The sun demon is frozen!
The wall freezes the sun demon.
The sun demon hits you!!
You are engulfed in flames!!
* * * LOW HITPOINT WARNING * * *
The kobold demonologist looks encouraged for a moment.
The wall freezes the kobold demonologist.
The sun demon is frozen!
The wall freezes the sun demon.
The sun demon hits you!!
You die...

...............#
............#.##
..............##
...........####
..............####
..#.#............##
#.#.............#
..............##
###......@######
#...##3K#
.....#..)#
........4. ...K...
.......K..
....O.....
.........##


You could see a sun demon (summoned), an ice devil (summoned), 2 kobold
demonologists, a kobold brigand and an ogre.

Vanquished Creatures
  A hydra (D:7)
  Sigmund (D:3)
  Eustachio (D:4)
  An orc warrior (D:7)
  A sky beast (D:7)
  The ghost of anonymous the Chopper, an amateur MiGl (D:3)
  A kobold brigand (D:7)
  A scorpion (D:4)
  2 orc priests
  A hound (D:7)
  An iguana (D:7)
  An orc wizard (D:3)
  A gnoll (D:1)
  5 adders
  3 worms (D:2)
  A dart slug (D:1)
  9 orcs
  7 ball pythons
  3 bats
  2 endoplasms (D:1)
  5 goblins
  6 hobgoblins
  6 jackals (D:2)
  A kobold (D:2)
  A quokka (D:1)
  6 frilled lizards
  8 rats
77 creatures vanquished.

Vanquished Creatures (others)
  A goblin (D:1)
1 creature vanquished.

Grand Total: 78 creatures vanquished

Notes
Turn   | Place    | Note
-------+----------+-------------------------------------------
     0 | D:1      | Crownlay the Gnoll Ice Elementalist began the quest for the
                  | Orb.
     0 | D:1      | Reached XP level 1. HP: 13/13 MP: 6/6
    59 | D:1      | Got the Compendium of Supportive Stones
   161 | D:1      | Reached XP level 2. HP: 19/19 MP: 5/7
   415 | D:1      | Reached XP level 3. HP: 25/25 MP: 9/9
   465 | D:1      | Learned a level 3 spell: Frozen Ramparts
   469 | D:1      | Learned a level 3 spell: Ozocubu's Armour
   477 | D:1      | Reached skill level 5 in Spellcasting
   496 | D:1      | Found Awneam's Assorted Antiques.
   919 | D:1      | Found a faded altar of an unknown god.
   970 | D:2      | Reached skill level 1 in Invocations
  1025 | D:2      | Reached skill level 1 in Fighting
  1025 | D:2      | Reached skill level 1 in Short Blades
  1025 | D:2      | Reached skill level 1 in Long Blades
  1025 | D:2      | Reached skill level 1 in Axes
  1025 | D:2      | Reached skill level 1 in Maces & Flails
  1025 | D:2      | Reached skill level 1 in Polearms
  1025 | D:2      | Reached skill level 1 in Staves
  1025 | D:2      | Reached skill level 1 in Slings
  1025 | D:2      | Reached skill level 1 in Bows
  1025 | D:2      | Reached skill level 1 in Crossbows
  1025 | D:2      | Reached skill level 1 in Throwing
  1025 | D:2      | Reached skill level 1 in Armour
  1025 | D:2      | Reached skill level 1 in Shields
  1025 | D:2      | Reached skill level 1 in Unarmed Combat
  1025 | D:2      | Reached skill level 1 in Evocations
  1025 | D:2      | Reached XP level 4. HP: 26/32 MP: 7/11
  1113 | D:2      | Learned a level 4 spell: Hailstorm
  1306 | D:2      | Reached skill level 1 in Conjurations
  1306 | D:2      | Reached skill level 1 in Hexes
  1306 | D:2      | Reached skill level 1 in Summonings
  1306 | D:2      | Reached skill level 1 in Necromancy
  1306 | D:2      | Reached skill level 1 in Translocations
  1306 | D:2      | Reached skill level 1 in Transmutations
  1306 | D:2      | Reached skill level 1 in Fire Magic
  1306 | D:2      | Reached skill level 1 in Air Magic
  1306 | D:2      | Reached skill level 1 in Earth Magic
  1306 | D:2      | Reached skill level 1 in Poison Magic
  1499 | D:2      | Got the Papyrus of Moulding and Ice
  1565 | D:3      | Found a shimmering altar of Xom.
  1631 | D:3      | Found a runed translucent door.
  1631 | D:3      | Noticed anonymous's ghost (amateur MiGl)
  1696 | D:3      | Found a transporter.
  1707 | D:3      | Identified the +2 pair of gloves of Komumozo {rPois rC- rN+
                  | Str+2 Stlth+}
  1727 | D:3      | Reached XP level 5. HP: 37/37 MP: 12/12
  1734 | D:3      | Found a transporter.
  1825 | D:3      | Identified the +6 dagger of Chance {distort, rC++}
  2139 | D:3      | Noticed Sigmund
  2149 | D:3      | Killed Sigmund
  2150 | D:3      | Reached skill level 5 in Dodging
  2150 | D:3      | Reached XP level 6. HP: 41/44 MP: 8/14
  2349 | D:3      | Found the +7 staff of the Meek {protect, meekguard}
  2565 | D:3      | Killed anonymous's ghost
  2659 | D:4      | Noticed Eustachio
  2677 | D:4      | Killed Eustachio
  2678 | D:4      | Reached XP level 7. HP: 46/51 MP: 7/15
  2770 | D:4      | You fall into a shaft and drop 3 floors!
  2770 | D:7      | Noticed a five-headed hydra
  2783 | D:7      | Killed a five-headed hydra
  2784 | D:7      | Reached skill level 5 in Stealth
  2784 | D:7      | Reached XP level 8. HP: 45/58 MP: 11/17
  2930 | D:7      | Noticed a kobold demonologist
  2935 | D:7      | Noticed a sun demon
  2935 | D:7      | Noticed a kobold demonologist
  2937 | D:7      | Noticed an ice devil
  2938 | D:7      | Mangled by a sun demon

Illustrated notes

Levels and vault maps discovered:
D:1:      psy_arrival_spokes, layout_basic, serial_shops,
          nicolae_shop_hallway_stairs, dilly_ecumenical_altar_fadedgnrine,
          lemuel_old_faithful
D:2:      layout_rooms, interstate_on_off
D:3:      gammafunk_wand_slinger, layout_loops_ring,
          nicolae_overflow_crystal_walls, hellmonk_ghost_happy_afterlife,
          pf_guarded_unrand_meek, uniq_sigmund
D:4:      layout_loops_ring, nicolae_shop_fire_sale [nicolae_sub_dead_trees],
          hangedman_minor_gate_pass, uniq_eustachio, uniq_edmund, uniq_robin,
          uniq_natasha
D:7:      layout_cave_pools, lightli_temple_of_fire, minmay_temple_entry_grid,
          serial_bayou_lake_a

Skill      XL: |  1  2  3  4  5  6  7  8 |
---------------+-------------------------+-----
Spellcasting   | 5 6 |  6.2
Invocations    | 1 2 3 4 |  4.0
Fighting       | 1 2 3 |  3.6
Short Blades   | 1 2 3 |  3.6
Long Blades    | 1 2 3 |  3.6
Axes           | 1 2 3 |  3.6
Maces & Flails | 1 2 3 |  3.6
Polearms       | 1 2 3 |  3.6
Staves         | 1 2 3 |  3.6
Slings         | 1 2 3 |  3.6
Bows           | 1 2 3 |  3.6
Crossbows      | 1 2 3 |  3.6
Throwing       | 1 2 3 |  3.6
Armour         | 1 2 3 |  3.6
Shields        | 1 2 3 |  3.6
Unarmed Combat | 1 2 3 |  3.6
Evocations     | 1 2 3 |  3.6
Conjurations   | 1 2 3 |  3.0
Hexes          | 1 2 3 |  3.0
Summonings     | 1 2 3 |  3.0
Necromancy     | 1 2 3 |  3.0
Translocations | 1 2 3 |  3.0
Transmutations | 1 2 3 |  3.0
Fire Magic     | 1 2 3 |  3.0
Air Magic      | 1 2 3 |  3.0
Earth Magic    | 1 2 3 |  3.0
Poison Magic   | 1 2 3 |  3.0
Dodging        | 5 |  5.9
Stealth        | 5 |  5.6
Ice Magic      | |  7.8

Action                   |  1- 3 |  4- 6 |  7- 9 || total
-------------------------+-------+-------+-------++-------
Melee: Unarmed           |     3 |       |       ||     3
       Spear             |    27 |   109 |       ||   136
       Bite              |     1 |     9 |     4 ||    14
       Punch             |     1 |     4 |       ||     5
       Quarterstaff      |       |    17 |    19 ||    36
 Cast: Freeze            |    17 |       |       ||    17
       Frozen Ramparts   |     2 |     5 |     6 ||    13
       Ozocubu's Armour  |     1 |     4 |     3 ||     8
 Stab: Sleeping          |     3 |     8 |       ||    11
Armor: Robe              |     3 |    25 |    14 ||    42
Dodge: Dodged            |    28 |    66 |    16 ||   110

Table legend: (Time is in decaauts)
 A = Elapsed time spent in this place.
 B = Non-inter-level travel time spent in this place.
 C = Inter-level travel time spent in this place.
 D = Time resting spent in this place.
 E = Time spent auto-exploring this place.
 F = Levels seen in this place.
 G = Mean time per level.
                   A        B        C        D        E       F      G
               +--------+--------+--------+--------+--------+-----+--------+
         Total |   2946 |   2820 |    126 |      0 |   2272 |   5 |  589.2 |
       Dungeon |   2946 |   2820 |    126 |      0 |   2272 |   5 |  589.2 |
               +--------+--------+--------+--------+--------+-----+--------+

Top non-repeatable levels by time:
     D:3: 1112 daAuts
     D:1: 962 daAuts
     D:2: 588 daAuts
     D:7: 170 daAuts
     D:4: 113 daAuts
